 Dungeon Crawl Stone Soup version 0.27.1-33-g824d729ab1 (webtiles) character file.

Game seed: 1341705960823823951

58 Kaptain the Insei (level 4, -2/34 HPs)
             Began as a Djinni Transmuter on Dec 24, 2021.
             Slain by Ijyb (4 damage)
             ... on level 3 of the Dungeon.
             The game lasted 00:06:18 (3284 turns).

Kaptain the Insei (Djinni Transmuter)               Turns: 3284, Time: 00:06:18

Health: -2/34      AC:  3    Str: 15    XL:     4   Next: 21%
Gold:   70         EV: 12    Int: 15    God:
                   SH:  0    Dex: 14

rFire    + + .     SeeInvis +   j - +0 lajatang
rCold    x . .     Faith    .   (shield currently unavailable)
rNeg     . . .     Spirit   .   l - +0 leather armour
rPois    ∞         Reflect  .   (no helmet)
rElec    .         Harm     .   (no cloak)
rCorr    .         Rampage  .   (no gloves)
Will     .....                  (boots unavailable)
Stlth    +.........             (no amulet)
HPRegen  0.11/turn              b - ring of see invisible
MPRegen  0.00/turn              e - +6 ring of strength

@: flying
A: sickness immunity, fire resistance 2, cold vulnerability 1, float, innate
caster, hp casting, extra vitality 1
a: no special abilities


You were on level 3 of the Dungeon.
You visited 1 branch of the dungeon, and saw 3 of its levels.

You collected 70 gold pieces.

Inventory:

Hand Weapons
 c - a +0 short sword
 j - a +0 lajatang (weapon)
Armour
 a - a +0 robe
 h - a +0 helmet
 l - a +0 leather armour (worn)
Jewellery
 b - a ring of see invisible (left hand)
 e - a +6 ring of strength (right hand)
Scrolls
 d - 4 scrolls of identify {unknown}
 g - a scroll of torment {unknown}
 i - a scroll of brand weapon {unknown}
Potions
 f - a potion of attraction {unknown}
 k - a potion of flight {unknown}


   Skills:
 * Level 2.3 Fighting
 + Level 1.1 Armour
 + Level 2.6 Dodging
 + Level 1.1 Stealth
 - Level 3.0 Unarmed Combat
 + Level 1.8 Spellcasting


You couldn't memorise any spells.
You knew the following spells:

 Your Spells              Type           Power      Damage    Failure   Level
a - Beastly Appendage     Tmut           14%        N/A       13%         1
b - Wereblood             Tmut           7%         N/A       19%         2
c - Spider Form           Tmut/Pois      3%         N/A       36%         3
d - Ice Form              Ice/Tmut       7%         N/A       77%         4
e - Corona                Hex            7%         N/A       13%         1
Your spell library was empty.

Dungeon Overview and Level Annotations

Branches:
Dungeon (3/15)

Altars:

Annotations:
D:3 Ijyb


Innate Abilities, Weirdness & Mutations

You are immune to sickness and miasma.
You are immune to poison.
Your flesh is very heat resistant. (rF++)
You are vulnerable to cold. (rC-)
You float through the air rather than walking.
You learn spells naturally, not from books.
Your magical power is your life essence.
You have superior vitality. (+4 HP)


Message History

The rat closely misses you. The goblin hits you with a +0 dagger.
Ijyb shouts!
The goblin barely misses you.
You barely miss the goblin. The goblin closely misses you.
Ijyb screams, "You nasty!
Big nasty!"
You barely miss the goblin. The goblin hits you with a +0 dagger.
The goblin closely misses you.
You closely miss the goblin. The goblin hits you but does no damage.
You closely miss the goblin. The goblin closely misses you.
You barely miss the goblin. The goblin hits you but does no damage.
Ijyb screams, "No!
No, no, no, no!"
The goblin barely misses you.
You barely miss the goblin. The goblin hits you but does no damage.
You barely miss the goblin. The goblin hits you but does no damage.
The goblin barely misses you.
You barely miss the goblin. The goblin hits you with a +0 dagger.
You hit the goblin but do no damage. The goblin hits you but does no damage.
You closely miss the goblin. The goblin barely misses you.
The goblin misses you.
You slash the goblin!
You kill the goblin!
You hit the rat.
You kill the rat!
You closely miss Ijyb.
Ijyb zaps a wand.
Your mind is blasted!
Ouch! That really hurt!
* * * LOW HITPOINT WARNING * * *
You closely miss Ijyb. Ijyb hits you with a +3 club.
* * * LOW HITPOINT WARNING * * *
Ijyb screams, "You nasty!
Big nasty!"
Ijyb completely misses you.
You slash Ijyb!
Ijyb is heavily wounded.
Ijyb barely misses you.
You slash Ijyb!
Ijyb is almost dead.
Ijyb hits you with a +3 club.
* * * LOW HITPOINT WARNING * * *
Ijyb hits you with a +3 club.
You die...

....# ...8
....##...##
...........
.......... ........
. #....### ..
##########....#.+...
#<.@gg........#.#...
#.####...#...##.#...
#.# #..............
#.# ########.....##
#.# ⌠###8#.......
#.. .........>....
#.. .....g..g.....
#.. .............#
#⌠###8##......


You could see Ijyb and a goblin.

Vanquished Creatures
  An adder (D:2)
  9 ball pythons
  3 endoplasms (D:1)
  A giant cockroach (D:1)
  7 goblins
  6 hobgoblins
  2 quokkas (D:1)
  4 bats
  5 frilled lizards
  7 kobolds
  5 rats
50 creatures vanquished.

Notes
Turn   | Place    | Note
-------+----------+-------------------------------------------
     0 | D:1      | Kaptain the Djinni Transmuter began the quest for the Orb.
     0 | D:1      | Reached XP level 1. HP: 17/17 MP: 0/0
   352 | D:1      | Reached XP level 2. HP: 7/22 MP: 0/0
   865 | D:1      | Found a faded altar of an unknown god.
  1012 | D:1      | Reached XP level 3. HP: 15/28 MP: 0/0
  1012 | D:1      | Learned a level 1 spell: Corona
  2222 | D:2      | Reached skill level 1 in Stealth
  2607 | D:2      | Reached skill level 1 in Armour
  2736 | D:2      | Reached XP level 4. HP: 25/33 MP: 0/0
  3255 | D:3      | Noticed Ijyb
  3284 | D:3      | Slain by Ijyb

Illustrated notes

Levels and vault maps discovered:
D:1:      enne_arrival_octagon_isle, layout_loops_ring,
          hellmonk_ecumenical_altar_lost_god
D:2:      layout_rooms, serial_corexii_hall, corexii_hall_statues_l,
          chequers_hall_statues_wall_a, corexii_hall_statues_deadend,
          st_stairs_2, minmay_goblin_kobold_house
D:3:      layout_basic, mainiacjoe_overflow_small_starburst,
          serial_corexii_hall, corexii_hall_statues_u, corexii_hall_statues_i,
          corexii_hall_statues_x, corexii_hall_statues_s, hangedman_decor_push,
          uniq_grinder, uniq_crazy_yiuf_cottage, uniq_ijyb

Skill      XL: |  1  2  3 |
---------------+----------+-----
Fighting       | 2 |  2.3
Stealth        | 1 |  1.1
Armour         | 1 |  1.1
Dodging        | |  2.6
Unarmed Combat | |  3.0
Spellcasting   | |  1.8

Action                   |  1- 3 |  4- 6 || total
-------------------------+-------+-------++-------
Melee: Short sword       |   142 |       ||   142
       Unarmed           |     3 |       ||     3
       Headbutt          |     6 |       ||     6
       Punch             |     2 |       ||     2
       Lajatang          |       |    40 ||    40
 Cast: Beastly Appendage |     7 |       ||     7
       Wereblood         |     4 |       ||     4
 Stab: Sleeping          |     2 |       ||     2
       Distracted        |     1 |       ||     1
Armor: Robe              |    35 |     5 ||    40
       Leather armour    |       |     5 ||     5
Dodge: Dodged            |   102 |    33 ||   135
